AoeStats
← Juyhou

MegaRandom

507801463Analyzed
4v4 RM · 13d ago on Sep 19, 2026· 54m 30s· 8 players
Game mode
Random Map
Map size
Large (8 player)
Population
200
Speed
Normal
Resources
Standard
Victory
Conquest
Starting age
Dark Age
Ending age
Imperial Age
RankedLock teamsTeams togetherTeam positionsShared explorationLock speedFull tech treeHidden civsTurbo modeCheats
Victory
Defeat
🇫🇮 Burgundians · Finland
2021
+12
🇫🇮 Armenians · Finland
1935
+16
🇫🇮 Georgians · Finland
1910
+17
🇫🇮 Malay · Finland
1777
+23
2010
-20
🇺🇦 Maya · Ukraine
1921
-17
🇨🇦 Wei · Canada
1907
-16
🇨🇱 Sicilians · Chile
1872
-15
IamChristopher
8:51 Feudal Age
9:07 Loom
9:25 Double-Bit Axe
9:20 Horse Collar
16:20 Wheelbarrow
20:13 Castle Age
18:33 Scale Barding Armor
18:39 Gold Mining
19:30 Bloodlines
20:38 Light Cavalry
21:31 Bow Saw
21:22 Heavy Plow
26:30 Gold Shaft Mining
25:52 Stone Mining
27:27 Hand Cart
32:20 Imperial Age
30:20 Chain Barding Armor
30:59 Forging
32:12 Husbandry
32:49 Iron Casting
32:29 Fortified Wall
32:27 Heavy Hei Guang Cavalry
35:43 Blast Furnace
36:02 Conscription
36:52 Ming Guang Armor
37:21 Crop Rotation
38:53 Tuntian
39:53 Caravan
40:59 Elite Tiger Cavalry
44:34 Fletching
SalzZ_classicpro
0:26 Loom
11:03 Feudal Age
15:02 Castle Age
13:06 Horse Collar
13:45 Double-Bit Axe
15:59 Bow Saw
19:32 Town Watch
19:50 Fletching
22:18 Ballistics
24:38 Bodkin Arrow
27:34 Padded Archer Armor
28:57 Wheelbarrow
29:03 Leather Archer Armor
35:33 Imperial Age
34:07 Stone Mining
36:15 Bracer
37:16 Chemistry
36:28 Thumb Ring
37:06 Ring Archer Armor
38:17 Elite Plumed Archer
39:58 Conscription
41:34 Hand Cart
41:27 Heavy Plow
42:58 Caravan
46:23 Gold Mining
54:57 Masonry
54:27 Treadmill Crane
[CL] el castigador
5:58 Loom
9:10 Feudal Age
10:02 Double-Bit Axe
10:20 Horse Collar
18:21 Castle Age
16:53 Gold Mining
17:34 Bloodlines
18:46 Bloodlines
19:30 Scale Barding Armor
19:37 Bow Saw
22:18 Husbandry
23:22 Wheelbarrow
22:37 Town Watch
28:03 Hand Cart
32:42 Imperial Age
30:51 Chain Barding Armor
30:46 Forging
31:02 Stone Mining
31:47 Gold Shaft Mining
32:08 Heavy Plow
32:44 Cavalier
34:00 Plate Barding Armor
34:01 Iron Casting
34:39 Conscription
34:25 Hauberk
35:31 Gold Shaft Mining
35:45 Light Cavalry
37:39 Blast Furnace
39:18 Masonry
44:10 Caravan
44:40 Coinage
[CL] FelipeBesitosRicos
9:51 Loom
11:50 Feudal Age
13:15 Double-Bit Axe
16:09 Castle Age
15:05 Gold Mining
15:43 Fletching
19:24 Bodkin Arrow
20:49 Horse Collar
21:58 Bow Saw
26:18 Wheelbarrow
27:22 Padded Archer Armor
29:13 Heavy Plow
29:39 Leather Archer Armor
30:37 Ballistics
33:52 Hand Cart
36:42 Imperial Age
35:24 Hand Cart
34:54 Town Watch
36:47 Malon
37:12 Elite Bolas Rider
40:39 Ring Archer Armor
44:16 Conscription
45:12 Caravan
46:01 Stone Mining
46:46 Gold Shaft Mining
47:35 Hoardings
51:44 Champi Runner
52:09 Arson
52:50 Scale Mail Armor
53:00 Forging
52:40 Champi Warrior
55:09 Chain Mail Armor
55:30 Iron Casting
Villese
5:44 Double-Bit Axe
11:19 Feudal Age
9:58 Loom
15:07 Castle Age
12:59 Horse Collar
14:42 Bow Saw
15:15 Heavy Plow
23:02 Forging
26:24 Wheelbarrow
27:16 Town Watch
29:32 Hand Cart
33:40 Imperial Age
31:09 Gold Mining
31:45 Scale Barding Armor
31:44 Husbandry
32:29 Gold Shaft Mining
33:21 Chain Barding Armor
34:18 Iron Casting
33:57 Elite Coustillier
35:01 Conscription
35:55 Plate Barding Armor
36:58 Two-Man Saw
37:19 Blast Furnace
37:06 Burgundian Vineyards
37:57 Stone Mining
38:38 Crop Rotation
38:34 Caravan
39:50 Coinage
39:30 Guilds
39:50 Fortified Wall
39:40 Fletching
40:02 Masonry
40:15 Town Patrol
40:33 Bodkin Arrow
44:13 Hoardings
44:12 Architecture
43:26 Treadmill Crane
45:14 Bracer
45:36 Ballistics
45:13 Murder Holes
49:33 Fervor
49:55 Banking
53:44 Chemistry
Juyhou
8:51 Feudal Age
8:27 Double-Bit Axe
8:42 Horse Collar
9:40 Loom
17:16 Castle Age
17:17 Bow Saw
19:02 Heavy Plow
19:55 Wheelbarrow
20:36 Gold Mining
21:09 Crossbowman
22:00 Fletching
23:01 Bodkin Arrow
24:12 Ballistics
24:12 Padded Archer Armor
25:18 Gold Shaft Mining
29:25 Imperial Age
28:52 Bracer
29:53 Chemistry
29:44 Leather Archer Armor
28:55 Arbalester
30:17 Thumb Ring
31:59 Ring Archer Armor
32:40 Hand Cart
32:57 Coinage
33:59 Conscription
34:22 Banking
34:14 Town Watch
38:21 Scale Barding Armor
39:38 Husbandry
41:43 Forging
42:04 Siege Engineers
42:03 Elite Battle Elephant
44:01 Iron Casting
45:16 Masonry
49:13 Caravan
49:47 Guilds
54:06 Thalassocracy
Tomppa
8:25 Loom
10:11 Feudal Age
8:47 Loom
14:14 Castle Age
12:28 Double-Bit Axe
13:24 Gold Mining
13:50 Horse Collar
16:53 Bow Saw
21:00 Scale Barding Armor
22:32 Chain Barding Armor
24:04 Bloodlines
24:51 Husbandry
27:15 Wheelbarrow
28:16 Hand Cart
29:20 Heavy Plow
32:49 Stone Mining
36:01 Imperial Age
33:26 Town Watch
34:26 Stone Mining
37:18 Stone Shaft Mining
37:22 Conscription
36:47 Elite Monaspa
38:05 Plate Barding Armor
37:41 Forging
38:02 Conscription
38:20 Hoardings
38:25 Guilds
38:27 Aznauri Cavalry
39:58 Crop Rotation
40:15 Iron Casting
41:56 Blast Furnace
41:54 Guard Tower
41:50 Arrowslits
42:25 Ballistics
41:57 Fletching
43:09 Chemistry
42:45 Town Patrol
42:27 Treadmill Crane
42:58 Masonry
42:59 Caravan
43:30 Coinage
44:11 Svan Towers
44:08 Bodkin Arrow
45:20 Bracer
46:01 Keep
45:23 Murder Holes
45:38 Siege Engineers
46:28 Banking
50:20 Architecture
50:01 Fortified Wall
TheMax
9:36 Loom
11:32 Feudal Age
16:47 Castle Age
16:34 Double-Bit Axe
16:29 Horse Collar
18:27 Bow Saw
22:43 Fervor
23:02 Town Watch
23:59 Fletching
25:55 Wheelbarrow
26:32 Ballistics
27:14 Bodkin Arrow
27:49 Padded Archer Armor
28:35 Heavy Plow
28:39 Gold Mining
29:12 Squires
31:20 Gold Shaft Mining
34:07 Imperial Age
32:13 Cilician Fleet
31:40 Demolition Ship
33:44 Hand Cart
33:53 Careening
34:39 Clinker Construction
34:53 Bracer
35:59 Chemistry
34:24 Heavy Demolition Ship
35:44 Conscription
35:40 Elite Composite Bowman
36:39 Leather Archer Armor
36:30 Stone Mining
36:47 Caravan
37:52 Ring Archer Armor
38:07 Medium Warships
38:23 Town Patrol
39:44 Fortified Wall
39:56 Carvel Hull
39:56 Dry Dock
40:34 Heavy Warships
40:26 Guilds
41:03 Masonry
43:54 Coinage
44:26 Siphons
44:13 Heated Shot
45:26 Banking
46:03 Incendiaries
47:41 Hoardings
Connection lost

Rejoining the realm…

Still unreachable

The connection could not be restored.

Session expired

The server has moved on; the page needs a fresh start.